 Dungeon Crawl Stone Soup version 0.26.1-11-gd32895ea62 (webtiles) character file.

Game seed: 2095917021941302981

143391 RepoMan the Destroyer (level 17, -5/106 HPs)
             Began as a Gargoyle Air Elementalist on July 21, 2021.
             Was the Champion of Qazlal.
             Killed from afar by a lich (45 damage)
             ... with a crystal spear
             ... on level 4 of the Abyss on July 22, 2021.
             The game lasted 05:11:34 (33306 turns).

RepoMan the Destroyer (Gargoyle Air Elementalist)  Turns: 33306, Time: 05:11:35

Health: -5/106     AC: 34    Str: 20    XL:     17   Next: 37%
Magic:  2/31       EV: 10    Int: 21    God:    Qazlal [******]
Gold:   2910       SH: 18    Dex: 13    Spells: 16/37 levels left

rFire    + + +     SeeInvis +   w - +7 whip of Rugu {speed, rF+ Int+3 Dex+3}
rCold    + . .     Faith    .   k - +0 buckler
rNeg     + . .     Spirit   .   D - +4 scale mail {rF+}
rPois    ∞         Reflect  +   Q - +2 hat "Nusurauh" {Str+3}
rElec    +         Harm     .   W - scarf {rC+ rF+}
rCorr    .         Rampage  .   (no gloves)
Will     +....     Clarity  +   C - +2 pair of boots
Stlth    +.........             m - amulet of reflection
HPRegen  0.27/turn              S - +4 ring of protection
MPRegen  0.22/turn              K - ring of Nedy {SInv Stlth+}

@: about to teleport, protected from physical damage, corroded, flying, repel
missiles
A: big wings, hooves 1, horns 1, blink, [blurry vision 2], clarity, fire
resistance 1, negative energy resistance 1, [screaming 2], electricity
resistance, unbreathing, petrification resistance, miasma immunity, AC +12
a: Stop Flying, Blink, Renounce Religion, Upheaval, Elemental Force, Disaster
Area


You were on level 4 of the Abyss.
You worshipped Qazlal.
Qazlal was exalted by your worship.
You visited 5 branches of the dungeon, and saw 25 of its levels.
You visited the Abyss 1 time.
You also visited: Volcano.

You collected 3404 gold pieces.
You spent 494 gold pieces at shops.

Inventory:

Hand Weapons
 f - a +4 scimitar of flaming
 v - a +3 whip of venom
 w - the +7 whip of Rugu (weapon) {speed, rF+ Int+3 Dex+3}
   (You found it on level 3 of the Lair of Beasts)

   Attacks with this weapon are significantly faster.
   It affects your intelligence (+3).
   It affects your dexterity (+3).
   It protects you from fire.
Missiles
 V - 3 throwing nets (quivered)
Armour
 k - a +0 buckler (worn)
 C - a +2 pair of boots (worn)
 D - a +4 scale mail of fire resistance (worn)
 Q - the +2 hat "Nusurauh" (worn) {Str+3}
   (You found it on level 3 of the Lair of Beasts)

   It affects your strength (+3).
 W - a scarf of resistance (worn)
 Y - +0 acid dragon scales
Magical Staves
 s - an uncursed staff of air
 L - an uncursed staff of earth
Jewellery
 m - an amulet of reflection (around neck)
 E - an uncursed amulet of regeneration
 F - an uncursed amulet of magic regeneration
 K - the ring of Nedy (right hand) {SInv Stlth+}
   (You found it on level 10 of the Dungeon)

   [ring of stealth]

   It lets you see invisible.
   It makes you more stealthy.
 S - a +4 ring of protection (left hand)
Wands
 a - a wand of paralysis (20)
 N - a wand of acid (16)
 P - a wand of enslavement (11)
 T - a wand of iceblast (8)
 Z - a wand of digging (3)
Scrolls
 b - a scroll of silence
 d - 8 scrolls of remove curse
 e - a scroll of summoning {unknown}
 g - 11 scrolls of teleportation
 h - 4 scrolls of enchant armour {unknown}
 i - 2 scrolls of identify
 l - 6 scrolls of fear
 n - a scroll of vulnerability {unknown}
 o - 2 scrolls of immolation
 p - 3 scrolls of blinking
 r - a scroll of torment
 t - a scroll of magic mapping
 y - 4 scrolls of enchant weapon
 H - 3 scrolls of fog
 I - a scroll of brand weapon
 J - 5 scrolls of amnesia
Potions
 c - 7 potions of curing
 j - 2 potions of might
 q - 3 potions of mutation
 u - 4 potions of berserk rage
 x - 4 potions of haste
 z - a potion of cancellation
 A - a potion of magic
 B - 2 potions of brilliance
 O - 2 potions of lignification {unknown}
 R - 5 potions of ambrosia


   Skills:
 + Level 12.0 Fighting
 * Level 13.4 Maces & Flails
 - Level 10.5 Armour
 - Level 1.5 Dodging
 - Level 2.1 Stealth
 - Level 4.5 Shields
 + Level 10.6 Spellcasting
 + Level 13.5 Conjurations
 - Level 2.0 Translocations
 * Level 12.5 Air Magic
 + Level 8.2 Invocations


You had 16 spell levels left.
You knew the following spells:

 Your Spells              Type           Power        Failure   Level
a - Airstrike             Air            29%          1%          4
b - Blink                 Tloc           N/A          10%         2
d - Static Discharge      Conj/Air       60%          1%          3
g - Apportation           Tloc           38%          6%          1
m - Mephitic Cloud        Conj/Pois/Air  47%          1%          3
q - Shock                 Conj/Air       100%         1%          1
s - Swiftness             Air            59%          1%          2
z - Lightning Bolt        Conj/Air       30%          1%          5

Your spell library contained the following spells:

 Spells                   Type           Power        Failure   Level
 Magic Dart               Conj           100%         1%          1
 Conjure Flame            Conj/Fire      39%          2%          3
 Animate Skeleton         Necr           22%          14%         1
 Corona                   Hex            12%          14%         1
 Summon Small Mammal      Summ           44%          14%         1
 Call Imp                 Summ           11%          22%         2
 Slow                     Hex            11%          22%         2


Dungeon Overview and Level Annotations

Branches:
Dungeon (15/15)            Temple (1/1) D:6            Lair (6/6) D:9
 Shoals (0/4) Lair:4       Spider (0/4) Lair:4        Slime (0/5) Lair:5
    Orc (2/2) D:12            Elf (1/3) Orc:2        Vaults (0/5) D:14
 Depths (0/5) D:15        Volcano (visited)

Altars:
Ashenzari
Cheibriados
Dithmenos
Elyvilon
Fedhas
Gozag
Hepliaklqana
Kikubaaqudgha
Makhleb
Nemelex Xobeh
Okawaru
Qazlal
Ru
Sif Muna
Trog
Uskayaw
Vehumet
Wu Jian
Xom
Yredelemnul
Zin
The Shining One
Beogh
Jiyva

Shops:
D:10 *   Orc:2 *}}*(

Annotations:
Lair:6 3 runed translucent doors, TangoThomas's ghost, journeyman MfAK


Innate Abilities, Weirdness & Mutations

You are resistant to torment.
Your stone body is resilient. (AC +12)
You are immune to poison.
Your large and strong wings let you fly indefinitely.
You resist negative energy. (rN+)
You are resistant to electric shocks. (rElec)
You can survive without breathing.
You are immune to petrification.
You are immune to miasma.
You have large cloven feet.
You have a pair of small horns on your head.
You can translocate small distances at will.
You possess an exceptional clarity of mind.
Your flesh is heat resistant. (rF+)
[Scrolls take you longer to read.]
[You sometimes yell uncontrollably at your foes.]


Message History

Qazlal accepts your kill.
The bolt of lightning hits the starcursed mass!!
You destroy the starcursed mass!
Qazlal accepts your kill.
The starcursed mass shudders and withdraws towards its neighbour.
A chorus of shrieks assaults your mind.
* * * LOW HITPOINT WARNING * * *
Unknown command.
Unknown command.
You feel much better. You block the lich's attack.
A ynoxinul comes into view.
The lich casts a spell at you. The bolt of acid hits you!!
* * * LOW HITPOINT WARNING * * *
The acid corrodes you!
You are splashed with acid!
* * * LOW HITPOINT WARNING * * *
You feel much better.
The lich gestures at you while chanting.
The crystal spear hits you!!!
You die...

. ....... ...... .
.............. #
..............
............. . #..
............ #. ..
#.....3# #### . ##
...##....#§##....
.. ..... #...#Lx..#
.... ..
##.○.@XX.#.#
...........○○.§...#
. #
..#........○.#.# .
#.........####
.............# #
..##......#.. . #
#. ##.......##
...............# ..
.. ........#


You could see 2 starcursed masses, a lich (fast, frozen), an ancient zyme and a
ynoxinul.

Vanquished Creatures
  A deep elf demonologist (Elf:1)
  2 entropy weavers (Lair:4)
  Snorg (D:14)
  4 ogre magi (Orc:2)
  2 fire dragons
  A vault guard (D:14)
  Harold (D:11)
  An ice dragon (D:15)
  Erica (D:8)
  3 boulder beetles
  2 catoblepae
  11 hydras
  A death knight (D:13)
  2 dancing weapons (Elf:1)
  6 death yaks
  20 two-headed ogres
  A queen ant (Lair:4)
  A tengu warrior (D:15)
  A wretched star (Abyss:4)
  A fire crab (Volcano)
  3 slime creatures (D:15)
  15 skeletal warriors
  5 unseen horrors
  4 deep elf archers (Elf:1)
  3 lindwurms (Lair:6)
  A wolf spider (Lair:3)
  3 orc knights
  3 orc sorcerers
  10 deep elf magi
  6 cyclopes
  7 ugly things
  2 manticores
  2 wolf spider zombies
  12 elephants
  A merfolk siren (Lair:4)
  Joseph (D:7)
  A smoke demon (Abyss:4)
  6 black mambas
  7 torpor snails
  2 gargoyles
  6 cane toads
  3 centaur skeletons
  A hellion (Abyss:4)
  A rime drake (Lair:6)
  A yaktaur (D:12)
  2 freezing wraiths
  11 komodo dragons
  2 efreet
  2 ancient zymes (Abyss:4)
  2 tengu conjurers
  5 trolls
  3 merfolk (Lair:4)
  A wolf spider simulacrum (D:15)
  3 tyrant leeches (Lair:6)
  7 hornets (Lair:6)
  13 polar bears
  20 blink frogs
  5 dream sheep (Lair:5)
  4 raiju (Lair:6)
  An air elemental (Elf:1)
  A shadow (D:13)
  6 flying skulls (Abyss:4)
  A redback (Lair:4)
  3 tarantellas (Lair:3)
  2 wraiths
  5 starcursed masses (Abyss:4)
  5 basilisks
  A water elemental (Elf:1)
  A yak (shapeshifter) (D:12)
  A vampire (D:12)
  73 yaks
  18 fire bats
  A neqoxec (Abyss:4)
  5 wyverns
  A steam dragon (D:13)
  3 vampire mosquitoes
  5 wargs
  2 acid dragons
  17 water moccasins
  A swamp drake (Orc:2)
  15 soldier ants
  15 hell hounds
  A hornet zombie (D:13)
  17 orc warriors
  14 black bears
  2 sky beasts
  5 ice beasts
  A phantom (D:13)
  2 eyes of draining
  35 wolves
  6 boggarts (D:15)
  18 centaurs
  32 ogres
  2 big kobolds
  16 bullfrogs
  3 gnoll sergeants
  A wyvern zombie (D:12)
  An earth elemental (Elf:1)
  A wyvern skeleton (D:12)
  A hornet simulacrum (D:12)
  7 scorpions
  23 killer bees
  A water moccasin skeleton (D:7)
  17 wights
  An electric eel (D:12)
  7 howler monkeys
  10 lava snakes
  A crimson imp (Orc:2)
  2 quasits
  18 orc priests
  5 centaur zombies
  3 hounds
  2 gnoll shamans
  12 iguanas
  An iron imp (Orc:2)
  A jelly (D:12)
  3 bullfrog skeletons
  28 orc wizards
  Natasha (thrice) (D:3)
  38 worker ants
  A hound skeleton (D:11)
  15 gnolls
  12 adders
  2 shadow imps
  A white imp (D:7)
  An ufetubus (D:10)
  An ooze (D:6)
  8 worms
  A dart slug (D:2)
  7 leopard geckos
  75 orcs
  3 ball pythons
  7 bats
  14 giant cockroaches
  13 goblins
  10 hobgoblins
  13 jackals
  4 quokkas
  6 frilled lizards
  2 jackal skeletons
  12 kobolds
  A quokka skeleton (D:7)
  5 rats
987 creatures vanquished.

Vanquished Creatures (others)
  An orc warrior (D:13)
  4 orc wizards
  A white imp (Orc:2)
  5 orcs
  A bush (Lair:4)
  50 fungi
  A lurking horror (Abyss:4)
  87 plants
150 creatures vanquished.

Grand Total: 1137 creatures vanquished

Notes
Turn   | Place    | Note
-------+----------+-------------------------------------------
     0 | D:1      | RepoMan the Gargoyle Air Elementalist began the quest for
                  | the Orb.
     0 | D:1      | Reached XP level 1. HP: 10/10 MP: 3/3
     2 | D:1      | Noticed a merfolk
     2 | D:1      | Noticed an elf
     4 | D:1      | Noticed a demonspawn
     4 | D:1      | Noticed a demigod
     6 | D:1      | Noticed a tengu
     6 | D:1      | Noticed a ghoul
     8 | D:1      | Noticed a troll
     8 | D:1      | Noticed a gargoyle
    10 | D:1      | Noticed a spriggan
    10 | D:1      | Noticed a draconian
    12 | D:1      | Noticed a vampire
    14 | D:1      | Noticed a halfling
    16 | D:1      | Noticed a centaur
    18 | D:1      | Noticed a naga
    18 | D:1      | Noticed an ogre
    20 | D:1      | Noticed a vine stalker
    20 | D:1      | Noticed an octopode
    22 | D:1      | Noticed a dwarf
    24 | D:1      | Noticed a minotaur
    24 | D:1      | Noticed a human
    26 | D:1      | Noticed a formicid
    26 | D:1      | Noticed a felid
   216 | D:1      | Reached XP level 2. HP: 12/15 MP: 0/5
   221 | D:1      | Learned a level 2 spell: Swiftness
   368 | D:1      | You fall into a shaft and drop 1 floor!
   383 | D:2      | Reached skill level 1 in Maces & Flails
   383 | D:2      | Reached XP level 3. HP: 20/20 MP: 3/6
   477 | D:2      | Learned a level 3 spell: Static Discharge
   656 | D:1      | Reached skill level 1 in Fighting
  1801 | D:2      | Reached XP level 4. HP: 25/25 MP: 4/7
  2358 | D:2      | Reached skill level 1 in Shields
  2552 | D:2      | Reached skill level 1 in Armour
  2566 | D:2      | Reached XP level 5. HP: 29/29 MP: 6/8
  2736 | D:3      | Noticed Natasha
  2747 | D:3      | Killed Natasha
  3246 | D:3      | Noticed Natasha
  3256 | D:3      | Killed Natasha
  3257 | D:3      | Reached XP level 6. HP: 29/35 MP: 1/9
  3276 | D:3      | Noticed Natasha
  3285 | D:3      | Killed Natasha
  3551 | D:3      | Found a broken altar of Ashenzari.
  3925 | D:3      | Found a glowing golden altar of the Shining One.
  4525 | D:4      | Reached XP level 7. HP: 40/40 MP: 7/11
  4599 | D:4      | Found a white marble altar of Elyvilon.
  5534 | D:5      | Entered Level 5 of the Dungeon
  6072 | D:5      | Found a bloodstained altar of Trog.
  6347 | D:5      | Reached XP level 8. HP: 45/45 MP: 12/12
  7361 | D:6      | Found a staircase to the Ecumenical Temple.
  7370 | Temple   | Entered the Ecumenical Temple
  7431 | Temple   | Became a worshipper of Qazlal Stormbringer
  7898 | D:6      | Noticed a yak
  7898 | D:6      | Noticed a yak
  7898 | D:6      | Noticed a yak
  7898 | D:6      | Noticed a yak
  7898 | D:6      | Noticed a yak
  7899 | D:6      | Noticed a yak
  7923 | D:6      | Killed a yak
  7929 | D:6      | Killed a yak
  7931 | D:6      | Killed a yak
  7932 | D:6      | Reached skill level 5 in Conjurations
  7934 | D:6      | Killed a yak
  7936 | D:6      | Killed a yak
  7936 | D:6      | Killed a yak
  7937 | D:6      | Reached skill level 5 in Maces & Flails
  7937 | D:6      | Reached XP level 9. HP: 26/52 MP: 2/14
  8389 | D:7      | Reached * piety under Qazlal
  8596 | D:7      | Noticed Joseph
  8642 | D:7      | Killed Joseph
  8946 | D:7      | Found a hazy altar of Hepliaklqana.
  8947 | D:7      | Found a glowing silver altar of Zin.
  8947 | D:7      | Found an opulent altar of Gozag.
  8949 | D:7      | Found an iron altar of Okawaru.
  9539 | D:8      | Reached XP level 10. HP: 56/58 MP: 16/16
  9959 | D:8      | Noticed Erica
  9974 | D:8      | Killed Erica
  9975 | D:8      | Reached skill level 5 in Fighting
  9975 | D:8      | Reached skill level 5 in Armour
 10305 | D:8      | Noticed a moth of wrath
 10327 | D:8      | Reached ** piety under Qazlal
 10362 | D:8      | Found a bloodstained altar of Trog.
 10553 | D:9      | You fall into a shaft and drop 1 floor!
 10553 | D:10     | Entered Level 10 of the Dungeon
 10560 | D:10     | Reached skill level 5 in Spellcasting
 10628 | D:10     | Got a vibrating tin ring
 10629 | D:10     | Identified the ring of Nedy {SInv Stlth+} (You found it on
                  | level 10 of the Dungeon)
 10869 | D:9      | Found a staircase to the Lair.
 11410 | D:10     | Found Dilil's Island Escapes.
 11424 | D:10     | Reached skill level 1 in Invocations
 11595 | D:10     | Reached skill level 5 in Air Magic
 11980 | D:10     | Bought a scroll of fog for 30 gold pieces
 11980 | D:10     | Bought a scroll of blinking for 112 gold pieces
 12016 | D:11     | Noticed a two-headed ogre
 12026 | D:11     | Killed a two-headed ogre
 12027 | D:11     | Reached XP level 11. HP: 64/64 MP: 8/19
 12043 | D:11     | Reached *** piety under Qazlal
 12180 | D:11     | Noticed a white ugly thing
 12205 | D:11     | Killed a white ugly thing
 12357 | D:11     | Noticed Harold
 12373 | D:11     | Killed Harold
 12470 | Lair:1   | Entered Level 1 of the Lair of Beasts
 12565 | Lair:1   | Got a scorched rapier
 12575 | Lair:1   | Identified the +6 rapier "No More Talking" {vorpal, Dex+4
                  | SInv} (You found it on level 1 of the Lair of Beasts)
 12604 | Lair:1   | Found a dark tunnel.
 12670 | Volcano  | Entered a volcano
 13149 | Volcano  | Noticed a fire crab
 13150 | Volcano  | Noticed a lindwurm
 13164 | Volcano  | HP: 3/66 [fire bat (6)]
 13687 | Volcano  | Killed a fire crab
 13688 | Volcano  | Reached XP level 12. HP: 72/72 MP: 21/21
 13868 | Volcano  | Found a bloodstained altar of Trog.
 13891 | Volcano  | Found a burning altar of Makhleb.
 14025 | Lair:1   | Reached skill level 10 in Conjurations
 14069 | Lair:1   | Reached **** piety under Qazlal
 14237 | Lair:1   | Noticed a five-headed hydra
 14260 | Lair:1   | Killed a three-headed hydra
 14303 | Lair:1   | Noticed a five-headed hydra
 14322 | Lair:1   | Killed a one-headed hydra
 15224 | Lair:2   | You fall into a shaft and drop 2 floors!
 15319 | Lair:4   | Found a hole to the Spider Nest.
 15361 | Lair:3   | Noticed a four-headed hydra
 15379 | Lair:4   | Killed a one-headed hydra
 15679 | Lair:1   | Reached XP level 13. HP: 60/79 MP: 6/24
 15766 | Lair:1   | Learned a level 4 spell: Airstrike
 15772 | Lair:1   | Learned a level 5 spell: Lightning Bolt
 16825 | Lair:3   | Found a runed translucent door.
 16926 | Lair:2   | Reached ***** piety under Qazlal
 17818 | Lair:3   | Got a shimmering hat
 17820 | Lair:3   | Got an ivory whip
 17829 | Lair:3   | Identified the +7 whip of Rugu {speed, rF+ Int+3 Dex+3}
                  | (You found it on level 3 of the Lair of Beasts)
 17836 | Lair:3   | Identified the +2 hat "Nusurauh" {Str+3} (You found it on
                  | level 3 of the Lair of Beasts)
 18392 | Lair:4   | Noticed an entropy weaver
 18398 | Lair:4   | Found a staircase to the Shoals.
 18398 | Lair:4   | Noticed an entropy weaver
 18712 | Lair:4   | Killed an entropy weaver
 18864 | Lair:4   | Gained mutation: Your large and strong wings let you fly
                  | indefinitely. [Gargoyle growth]
 18864 | Lair:4   | Reached XP level 14. HP: 66/86 MP: 17/26
 19014 | Lair:4   | Killed an entropy weaver
 19175 | Lair:4   | You are sucked into a shaft and drop 2 floors!
 19175 | Lair:6   | Entered Level 6 of the Lair of Beasts
 20055 | Lair:5   | Reached skill level 10 in Maces & Flails
 20291 | Lair:5   | Reached skill level 10 in Air Magic
 20328 | Lair:5   | Reached skill level 10 in Fighting
 20977 | Lair:5   | Found a viscous altar of Jiyva.
 20977 | Lair:5   | Found a staircase to the Slime Pits.
 21499 | Lair:5   | Reached ****** piety under Qazlal
 21605 | Lair:6   | Reached skill level 10 in Armour
 21834 | Lair:6   | Noticed TangoThomas's ghost (journeyman MfAK)
 21883 | Lair:6   | Found a runed translucent gate.
 21883 | Lair:6   | Found a runed translucent gate.
 21883 | Lair:6   | Found a runed translucent gate.
 22315 | Lair:6   | Reached XP level 15. HP: 87/92 MP: 11/28
 23168 | Lair:6   | Reached skill level 5 in Invocations
 23186 | Lair:6   | Found a runed translucent door.
 24366 | D:11     | Found a blossoming altar of Fedhas.
 25811 | D:12     | Found a staircase to the Orcish Mines.
 26283 | Orc:1    | Entered Level 1 of the Orcish Mines
 26805 | Orc:2    | Entered Level 2 of the Orcish Mines
 27048 | Orc:2    | Found a staircase to the Elven Halls.
 27129 | Orc:2    | Found a roughly hewn altar of Beogh.
 27143 | Orc:2    | Found Ruraoci's Weapon Emporium.
 27186 | Orc:2    | Reached XP level 16. HP: 86/100 MP: 5/29
 27626 | Orc:2    | Got a polished hat
 27630 | Orc:2    | Identified the +1 hat of the Forest {Rampage rN+} (You
                  | found it on level 2 of the Orcish Mines)
 27936 | Orc:2    | Reached skill level 10 in Spellcasting
 28251 | Orc:2    | Found Joadghuop's Gadget Emporium.
 28251 | Orc:2    | Found Dentujugrya's Assorted Antiques.
 28252 | Orc:2    | Found Cytzesta's Assorted Antiques.
 28252 | Orc:2    | Found Hyheewk's Gadget Emporium.
 28261 | Orc:2    | Bought a scroll of identify for 48 gold pieces
 28261 | Orc:2    | Bought a potion of curing for 72 gold pieces
 28263 | Orc:2    | Bought an encrusted mace for 208 gold pieces
 28263 | Orc:2    | Identified the cursed +1 mace of Sejuh {freeze, *Contam
                  | rElec Dex+4} (You bought it in a shop on level 2 of the
                  | Orcish Mines)
 28267 | Orc:2    | Bought a scroll labelled CACZOL PESHOM for 24 gold pieces
 28712 | Orc:2    | Learned a level 2 spell: Blink
 28716 | Orc:2    | Learned a level 3 spell: Mephitic Cloud
 28719 | Orc:2    | Learned a level 1 spell: Apportation
 29087 | D:13     | Reached skill level 1 in Translocations
 29960 | D:14     | Noticed Snorg
 29992 | D:14     | Killed Snorg
 30114 | D:14     | Got a warped hat
 30115 | D:14     | Identified the +0 hat of the Endless Expanse {+Inv Stlth+}
                  | (You found it on level 14 of the Dungeon)
 30767 | D:14     | Found a shadowy altar of Dithmenos.
 30840 | D:14     | Found a gate to the Vaults.
 30883 | D:15     | Entered Level 15 of the Dungeon
 31270 | D:15     | Reached XP level 17. HP: 60/106 MP: 22/31
 31983 | D:15     | Found a staircase to the Depths.
 32734 | Elf:1    | Entered Level 1 of the Elven Halls
 32832 | Elf:1    | Found a radiant altar of Vehumet.
 33106 | Elf:1    | Cast into level 4 of the Abyss (+1 flail of distortion)
 33144 | Abyss:4  | Gained mutation: You are dopey. (Int -2) [a neqoxec]
 33155 | Abyss:4  | Gained mutation: You tend to lose your temper in combat. [a
                  | neqoxec]
 33157 | Abyss:4  | Lost mutation: You tend to lose your temper in combat.
                  | [potion of mutation]
 33157 | Abyss:4  | Lost mutation: You are dopey. (Int -2) [potion of mutation]
 33157 | Abyss:4  | Gained mutation: You have large cloven feet. [potion of
                  | mutation]
 33157 | Abyss:4  | Gained mutation: [Scrolls take you a little longer to
                  | read.] [potion of mutation]
 33157 | Abyss:4  | Gained mutation: Your mind is acute. (Int +2) [potion of
                  | mutation]
 33158 | Abyss:4  | Lost mutation: Your mind is acute. (Int +2) [potion of
                  | mutation]
 33158 | Abyss:4  | Lost mutation: [Scrolls take you a little longer to read.]
                  | [potion of mutation]
 33158 | Abyss:4  | Gained mutation: You have a pair of small horns on your
                  | head. [potion of mutation]
 33158 | Abyss:4  | Gained mutation: Your flesh is heat resistant. (rF+)
                  | [potion of mutation]
 33158 | Abyss:4  | Gained mutation: You possess an exceptional clarity of
                  | mind. [potion of mutation]
 33158 | Abyss:4  | Gained mutation: You can translocate small distances at
                  | will. [potion of mutation]
 33176 | Abyss:4  | Noticed a bone dragon
 33285 | Abyss:4  | Noticed a lich
 33301 | Abyss:4  | Paralysed by accursed screaming for 1 turns
 33306 | Abyss:4  | Killed from afar by a lich

Illustrated notes

Levels and vault maps discovered:
D:1:      kb_arrival_jail, layout_basic, minmay_ruptured
D:2:      minmay_roachtagon, layout_loops_cross
D:3:      layout_loops_ring, nicolae_tso_carved_into_rock, marbit_many_paths,
          minivault_24, uniq_natasha
D:4:      layout_basic, kennysheep_cross_room, elyvilon_altar_3
D:5:      layout_layer_cave, minivault_11, trog_hazing_becter
D:6:      layout_loops_corners, minmay_temple_entry_gardened_gates
D:7:      layout_basic, grunt_temple_overflow_open, uniq_joseph
D:8:      layout_loops_cross, hangedman_decor_opposing, tgw_trog, uniq_erica
D:9:      layout_cave_pools, lair_entry_dummy
D:10:     layout_stronghold, nicolae_island_escapes
D:11:     layout_roguey, basic_altar, nrook_loot_triangle, glass_columns_a,
          minmay_strange_pillars, uniq_harold
D:12:     layout_loops_corners, david_orc_4, kennysheep_doodads,
          minmay_pinched_square
D:13:     layout_cave_pools, drop_trap
D:14:     layout_big_octagon, david_vaults_5, grunt_dithmenos_smoke_and_mirrors,
          blue_anna_alchemist [blue_anna_fruit_fields, blue_anna_fruit_fields],
          uniq_snorg
D:15:     grunt_enter_depths_hoard, layout_loops_cross,
          minmay_misc_feat_enclosed
Temple:   eino_temple_rhombus
Lair:1:   beast_lair_carwin_large_4, layout_regular_city,
          nicolae_volcano_entry_batcave, small_statue_intersection
Lair:2:   layout_long_grid, infiniplex_staircase_pool
Lair:3:   gammafunk_indiana_jones, layout_hall_layers
Lair:4:   layout_regular_city, elwin_shoals_entry_stream,
          spider_nest_entry_webs, chequers_serial_rivers_small_3, zaba_anthell,
          lemuel_fruit_tree
Lair:5:   layout_roguey, dpeg_slime_entry_enclosed_altar, grunt_megastairs_3,
          infiniplex_staircase_pool_2
Lair:6:   hangedman_lair_caniforms_friends, layout_regular_city, wormcave,
          maelrawn_ghost_gauntlet_escape, serial_bayou_crossing,
          grunt_megastairs_4, serial_bayou_shore_b
Orc:1:    layout_caves
Orc:2:    st_orc_ogre_mass, layout_caves, basic_altar, serial_shops, shop,
          hangedman_minor_magic
Elf:1:    eino_elf_arrival_altar, layout_loops_corners, hangedman_elf_represent
Abyss:4:  base: D:10, evilmike_abyss_rune_ettins, hangedman_abyss_feature_spike,
          hangedman_abyss_feature_spike, grunt_abyss_rune_wretched_hive,
          evilmike_abyss_rune_siren_acolytes

Skill      XL: |  1  2  3  4  5  6  7  8  9 10 11 12 13 14 15 16 17 |
---------------+----------------------------------------------------+-----
Maces & Flails | 1 2 3 5 6 8 9 10 12 13 | 13.4
Conjurations   | 2 3 4 5 7 8 9 10 11 12 13 | 13.5
Fighting       | 1 2 3 4 6 7 8 9 10 11 12 | 12.0
Shields        | 1 2 3 4 |  4.5
Armour         | 1 2 3 4 5 6 8 9 10 | 10.5
Air Magic      | 3 4 5 6 8 9 10 11 12 | 12.5
Spellcasting   | 3 4 5 6 7 8 9 10 | 10.6
Invocations    | 1 4 6 7 8 |  8.2
Translocations | 2 |  2.0
Dodging        | |  1.5
Stealth        | |  2.1

Action                   |  1- 3 |  4- 6 |  7- 9 | 10-12 | 13-15 | 16-18 || total
-------------------------+-------+-------+-------+-------+-------+-------++-------
Melee: Club              |    39 |     1 |       |       |       |       ||    40
       Mace              |       |    66 |    71 |     8 |       |       ||   145
       Staff             |       |       |       |     2 |     8 |       ||    10
       Whip              |       |       |       |    78 |  1094 |   757 ||  1929
       Rapier            |       |       |       |    12 |       |       ||    12
       Scimitar          |       |       |       |    17 |    40 |       ||    57
       Headbutt          |       |       |       |       |       |    17 ||    17
Throw: Throwing net      |       |       |     2 |       |       |     4 ||     6
 Cast: Shock             |    45 |   122 |   199 |   413 |   291 |    14 ||  1084
       Static Discharge  |       |       |    13 |    59 |    86 |    36 ||   194
       Swiftness         |       |       |       |     1 |       |       ||     1
       Lightning Bolt    |       |       |       |       |    88 |    80 ||   168
       Airstrike         |       |       |       |       |     1 |     2 ||     3
       Blink             |       |       |       |       |       |     3 ||     3
       Apportation       |       |       |       |       |       |     1 ||     1
Invok: Upheaval          |       |       |       |     2 |     3 |     4 ||     9
       Elemental Force   |       |       |       |       |     1 |       ||     1
 Abil: Fly               |       |       |       |       |     1 |       ||     1
Evoke: Wand              |       |       |       |     7 |     7 |     2 ||    16
  Use: Scroll            |       |     5 |     7 |    20 |    10 |     7 ||    49
       Potion            |       |     1 |     1 |     4 |     1 |     7 ||    14
 Stab: Sleeping          |     3 |     5 |       |       |       |       ||     8
       Held in net/web   |       |       |     1 |       |       |       ||     1
       Paralysed         |       |       |       |       |     5 |       ||     5
Armor: Robe              |    29 |    53 |     5 |       |       |       ||    87
       Ring mail         |       |       |    72 |   135 |       |       ||   207
       Scale mail        |       |       |       |   106 |   451 |   248 ||   805
Dodge: Dodged            |    40 |    76 |    68 |   184 |   498 |   171 ||  1037
       Repelled          |       |       |       |     2 |    17 |     6 ||    25
Block: Buckler           |     5 |    62 |    94 |   336 |  1024 |   494 ||  2015
       Reflection        |       |     3 |    13 |     8 |    28 |    23 ||    75
       Rpst.: Scimitar   |       |       |       |     5 |     2 |       ||     7
